 Dungeon Crawl Stone Soup version 0.29.1-15-g9cfb28693d (webtiles) character file.

Game seed: 5235803412949469998

5033 Heoruswealwe the Thaumaturge (level 10, -1/50 HPs)
             Began as a Deep Elf Conjurer on Mar 7, 2023.
             Was a Follower of Vehumet.
             Killed from afar by Erica (27 damage)
             ... with a lance of force
             ... on level 9 of the Dungeon.
             The game lasted 02:07:25 (8160 turns).

Heoruswealwe the Thaumaturge (Deep Elf Conjurer)    Turns: 8160, Time: 02:07:30

Health: -1/50      AC:  8    Str:  4    XL:     10   Next: 30%
Magic:  5/30       EV: 12    Int: 28    God:    Vehumet [*.....]
Gold:   343        SH:  0    Dex: 13    Spells: 26/37 levels left

rFire   . . .      SeeInvis .   v - +0 rapier
rCold   . . .      Faith    .   (no shield)
rNeg    . . .      Spirit   .   l - +1 robe {Archmagi}
rPois   .          Reflect  .   (no helmet)
rElec   .          Harm     .   z - +0 cloak
rCorr   .          Rampage  .   p - +2 pair of gloves
Will    +....      Archmagi +   F - +0 pair of boots
Stlth   ++........              d - amulet of regeneration
HPRegen 0.96/turn               a - ring of wizardry
MPRegen 0.22/turn               t - ring of flight

@: flying, slowed, very slow
A: no striking features
a: Renounce Religion


You were on level 9 of the Dungeon.
You worshipped Vehumet.
Vehumet was aware of your devotion.
You visited 2 branches of the dungeon, and saw 10 of its levels.
You also visited: Sewer.

You collected 421 gold pieces.
You spent 78 gold pieces at shops.

Inventory:

Hand Weapons
 v - a +0 rapier (weapon)
Armour
 l - a +1 robe of the Archmagi (worn)
 p - a +2 pair of gloves (worn)
 z - a +0 cloak (worn)
 F - a +0 pair of boots (worn)
Magical Staves
 w - a staff of poison
Jewellery
 a - a ring of wizardry (left hand)
 d - an amulet of regeneration (around neck)
 t - a ring of flight (right hand)
Wands
 m - a wand of light (9)
 u - a wand of flame (57)
Scrolls
 b - a scroll of fear
 c - 2 scrolls of amnesia
 g - 2 scrolls of poison
 h - 3 scrolls of enchant armour
 i - a scroll of summoning
 r - a scroll of blinking {unknown}
 y - 2 scrolls of vulnerability {unknown}
 A - a scroll of teleportation {unknown}
Potions
 e - a potion of ambrosia {unknown}
 f - a potion of might {unknown}
 j - a potion of magic
 k - 2 potions of curing {unknown}
 n - 2 potions of resistance {unknown}
 o - 3 potions of mutation {unknown}
 q - a potion of degeneration {unknown}
 s - 2 potions of brilliance {unknown}
 x - 2 potions of heal wounds {unknown}
 C - a potion of lignification
 D - a potion of haste {unknown}
Miscellaneous
 B - a piece from Xom's chessboard (15/15)


   Skills:
 - Level 2.4 Dodging
 - Level 2.4 Stealth
 + Level 14.1 Spellcasting
 + Level 12.5 Conjurations


You had 26 spell levels left.
You knew the following spells:

 Your Spells              Type           Power      Damage    Failure   Level
a - Magic Dart            Conj           100%       1d8       0%          1
b - Searing Ray           Conj           100%       2d8       0%          2
c - Conjure Flame         Conj/Fire      70%        6-21      1%          3
d - Fulminant Prism       Conj/Hex       35%        3d18      1%          4
e - Freeze                Ice            100%       1d11      1%          1

Your spell library contained the following spells:

 Spells                   Type           Power      Damage    Failure   Level
 Apportation              Tloc           58%        N/A       1%          1
 Foxfire                  Conj/Fire      100%       2x1d9     1%          1
 Necrotise                Necr           100%       1d9       1%          1
 Sting                    Tmut/Pois      100%       1d8       1%          1
 Summon Small Mammal      Summ           100%       N/A       1%          1
 Poisonous Vapours        Pois/Air       58%        N/A       1%          2
 Dazzling Flash           Conj/Hex       100%       N/A       1%          3
 Flame Wave               Conj/Fire      70%        2d16      1%          4
 Iskenderun's Mystic Bla  Conj/Tloc      70%        2d14      1%          4
 Irradiate                Conj/Tmut      35%        3d23      2%          5
 Inner Flame              Hex/Fire       29%        N/A       3%          3
 Olgreb's Toxic Radiance  Pois           29%        N/A       11%         4
 Blade Hands              Tmut           14%        N/A       28%         5
 Dragon Form              Tmut           14%        N/A       100%        7


Dungeon Overview and Level Annotations

Branches:
Dungeon (9/15)             Temple (1/1) D:4           Sewer (visited)
   Lair: D:8-11         Orc: D:9-12

Altars:
Ashenzari
Cheibriados
Dithmenos
Elyvilon
Hepliaklqana
Kikubaaqudgha
Makhleb
Nemelex Xobeh
Okawaru
Qazlal
Ru
Sif Muna
Trog
Uskayaw
Vehumet
Wu Jian
Xom
Yredelemnul
Zin
The Shining One

Shops:
D:3 =(   D:5 [   D:6 !   D:8 !

Annotations:
D:9 Erica


Message History

Found a stone staircase leading down.
Erica the Fiery-Tempered comes into view.
She is wielding a +2 scimitar of flaming.
Erica shouts!
You hear a shout!
You feel a surge of power!
The magic dart hits Erica!
Erica is lightly wounded.
You feel a surge of power!
The magic dart hits Erica.
Erica is lightly wounded.
Erica casts a spell at you.
You feel yourself slow down.
You feel a surge of power!
The magic dart hits Erica.
Erica is moderately wounded.
You feel a surge of power!
The magic dart hits Erica but does no damage.
Erica is moderately wounded.
Casting: Magic Dart (safe; 0% risk of failure)
Confirm with . or Enter, or press ? or * to list all spells.
Aiming: Searing Ray (safe; 0% risk of failure)
Press: ? - help, Shift-Dir - straight line, f/p - Erica
Aim: Erica, wielding a +2 scimitar of flaming and wearing a +0 robe (moderately wounded, 81% to hit)
You feel a surge of power!
The searing ray hits Erica!
Erica is moderately wounded. (Press . to maintain the ray.) Erica barely misses you.
The searing ray hits Erica!
Erica is heavily wounded.
Erica hits you with a +2 scimitar of flaming!
Erica burns you.
The searing ray hits Erica!
Erica is severely wounded.
Erica hits you with a +2 scimitar of flaming!
Erica burns you.
Erica hits you with a +2 scimitar of flaming.
Erica burns you.
The searing ray hits Erica.
Erica is severely wounded.
You finish channelling your searing ray.
Erica gestures at you while chanting. The lance of force hits you!!
Ouch! That really hurt!
You die...

.................
.........<................
..........................
..........................
.).......................
.##....................#
.####.....###..........#
.###......#.##........##
..#.............@......#
.##............#.@.....##
...............#.....)..#
.......................##
................##.....#
.......................#
............###..##......
.................##......#
..............######>......


You could see Erica.

Vanquished Creatures
  A two-headed ogre (D:9)
  Pikel (D:7)
  Maurice (D:9)
  Grinder (D:6)
  2 steam dragons
  5 water moccasins
  3 orc warriors
  2 black bears (D:4)
  An ice beast (D:8)
  5 kobold brigands (Sewer)
  4 bullfrogs
  4 scorpions
  8 wights (D:8)
  6 hounds
  4 orc priests (D:8)
  A jelly (D:4)
  Ijyb (D:5)
  9 orc wizards
  3 gnolls (D:7)
  8 adders
  A river rat (Sewer)
  2 shadow imps
  3 worms (Sewer)
  5 dart slugs
  23 orcs
  10 endoplasms
  8 giant cockroaches
  10 goblins
  12 hobgoblins
  A jackal (D:1)
  6 quokkas
  14 ball pythons
  5 bats
  3 frilled lizards
  16 kobolds
  8 rats
197 creatures vanquished.

Vanquished Creatures (others)
  A fulminant prism (D:9)
1 creature vanquished.

Grand Total: 198 creatures vanquished

Notes
Turn   | Place    | Note
-------+----------+-------------------------------------------
     0 | D:1      | Heoruswealwe the Deep Elf Conjurer began the quest for the
                  | Orb.
     0 | D:1      | Reached XP level 1. HP: 10/10 MP: 6/6
   256 | D:1      | Reached XP level 2. HP: 14/15 MP: 0/8
   390 | D:1      | Reached skill level 4 in Spellcasting
   438 | D:1      | Reached skill level 5 in Conjurations
   438 | D:1      | Reached XP level 3. HP: 19/19 MP: 3/10
   568 | D:1      | Learned a level 2 spell: Searing Ray
  1536 | D:3      | Found a burning altar of Makhleb.
  1540 | D:3      | Found Keub Woacli's Jewellery Boutique.
  1825 | D:3      | Reached XP level 4. HP: 21/24 MP: 9/12
  1868 | D:3      | Found Qoxei's Weapon Emporium.
  1898 | D:3      | Reached skill level 5 in Spellcasting
  2087 | D:3      | Reached XP level 5. HP: 28/28 MP: 1/14
  2099 | D:3      | Found a stormy altar of Qazlal.
  2139 | D:3      | Found an ancient bone altar of Kikubaaqudgha.
  2183 | D:3      | Reached skill level 6 in Spellcasting
  2394 | D:4      | Found a shadowy altar of Dithmenos.
  2397 | D:4      | Noticed a black bear
  2404 | D:4      | Killed a black bear
  2405 | D:4      | Reached XP level 6. HP: 25/32 MP: 7/17
  2455 | D:4      | Found a glowing golden altar of the Shining One.
  2464 | D:4      | Became a worshipper of the Shining One
  2544 | D:4      | Reached skill level 7 in Spellcasting
  2582 | D:4      | Found a staircase to the Ecumenical Temple.
  2833 | D:4      | Found a glowing drain.
  2837 | Sewer    | Entered a sewer
  2915 | Sewer    | Reached XP level 7. HP: 32/36 MP: 10/20
  3034 | Sewer    | Reached skill level 8 in Spellcasting
  3267 | Sewer    | Reached * piety under the Shining One
  3632 | Temple   | Entered the Ecumenical Temple
  3944 | Temple   | Fell from the grace of the Shining One
  3944 | Temple   | Became a worshipper of Vehumet
  4137 | D:4      | Learned a level 3 spell: Conjure Flame
  4139 | D:5      | Entered Level 5 of the Dungeon
  4165 | D:5      | Noticed Ijyb
  4177 | D:5      | Killed Ijyb
  4271 | D:5      | Reached skill level 9 in Spellcasting
  4271 | D:5      | Reached XP level 8. HP: 41/41 MP: 16/23
  4286 | D:5      | Learned a level 4 spell: Fulminant Prism
  4366 | D:5      | Found a shimmering blue altar of Sif Muna.
  4379 | D:5      | Got Sif Muna's Precepts of Impurities
  4479 | D:5      | Found a bloodstained altar of Trog.
  4526 | D:5      | Found a hide-covered altar of Uskayaw.
  4792 | D:5      | Found Piatoxy's Antique Armour Shoppe.
  5120 | D:6      | Reached skill level 10 in Spellcasting
  5232 | D:6      | Found Lutzo's Distillery.
  5242 | D:6      | Bought a potion of lignification for 33 gold pieces
  5309 | D:6      | Found a white marble altar of Elyvilon.
  5581 | D:6      | Reached * piety under Vehumet
  5581 | D:6      | Offered knowledge of Freeze by Vehumet.
  5584 | D:6      | Learned a level 1 spell: Freeze
  5979 | D:6      | Reached skill level 11 in Spellcasting
  5979 | D:6      | Reached skill level 10 in Conjurations
  6042 | D:6      | Noticed Grinder
  6052 | D:6      | Killed Grinder
  6053 | D:6      | Reached XP level 9. HP: 45/45 MP: 15/26
  6669 | D:7      | Reached skill level 12 in Spellcasting
  6774 | D:7      | Noticed Pikel
  6786 | D:7      | Killed Pikel
  7284 | D:8      | Reached skill level 13 in Spellcasting
  7462 | D:8      | Found Syfutu's Distillery.
  7517 | D:8      | Bought a potion of lignification for 45 gold pieces
  7601 | D:8      | Reached XP level 10. HP: 21/50 MP: 11/29
  7977 | D:9      | Noticed Maurice
  8006 | D:9      | Noticed a two-headed ogre
  8020 | D:9      | Killed a two-headed ogre
  8119 | D:9      | Killed Maurice
  8120 | D:9      | Reached skill level 14 in Spellcasting
  8148 | D:9      | Noticed Erica
  8160 | D:9      | Killed from afar by Erica

Illustrated notes

Levels and vault maps discovered:
D:1:      dpeg_arrival_rooms_b, layout_loops_cross, kennysheep_doodads,
          minmay_vboxes
D:2:      layout_loops_cross, minmay_ruptured
D:3:      layout_loops_ring, mainiacjoe_overflow_catwalk_spiral,
          lemuel_crystal_altar, serial_shops, shop, shop, kennysheep_crisscross,
          minmay_misc_feat_rugged, dk_vineyard_3
D:4:      layout_rooms, lemuel_crystal_altar, mainiacjoe_overflow_alcove_2,
          minmay_temple_entry_junction, gup_sewer_entry_spiral, minivault_25
D:5:      layout_loops_ring, nzn_overflow_gifts_of_might_and_magic,
          nicolae_uskayaw_dance_hall, serial_shops, shop, nrook_mini_vaults,
          hellmonk_bongcloud_opening, uniq_ijyb
D:6:      layout_gridville, mainiacjoe_overflow_24_doors, serial_shops,
          nicolae_shop_trees, bh_walls_and_bars, uniq_grinder
D:7:      layout_basic, serial_curves, eino_curves_04, eino_curves_01,
          skrybe_limestone_x, uniq_pikel
D:8:      layout_loops_cross, serial_shops, shop
D:9:      layout_cave_pools, gammafunk_ghost_cemetery, mrwooster_statue_mirror,
          uniq_maurice, uniq_erica, uniq_maggie, uniq_erolcha
Temple:   chequers_temple_sunken

Skill      XL: |  1  2  3  4  5  6  7  8  9 10 |
---------------+-------------------------------+-----
Spellcasting   | 4 5 6 7 9 11 13 14 | 14.1
Conjurations   | 5 6 7 8 10 11 12 | 12.5
Dodging        | |  2.4
Stealth        | |  2.4

Action                   |  1- 3 |  4- 6 |  7- 9 | 10-12 || total
-------------------------+-------+-------+-------+-------++-------
Melee: Hand axe          |    10 |       |       |       ||    10
       Short sword       |     6 |       |       |       ||     6
       Falchion          |       |    12 |     1 |       ||    13
       Rapier            |       |       |     1 |       ||     1
 Cast: Magic Dart        |    99 |   100 |   202 |    31 ||   432
       Searing Ray       |       |     5 |    48 |     8 ||    61
       Conjure Flame     |       |       |     1 |       ||     1
       Fulminant Prism   |       |       |       |     1 ||     1
  Use: Potion            |     1 |       |     2 |       ||     3
       Scroll            |     5 |       |     6 |     1 ||    12
Armor: Robe              |     5 |    10 |    16 |     5 ||    36
       Skin              |       |       |     6 |       ||     6
Dodge: Dodged            |    26 |    18 |    42 |     9 ||    95
